Cogmind - Beta 16.1 @@@ ROGUE MODE // 2026.06.18 @ 22:43:39 Player: Nalesnig Result: Destroyed by G-67 Veteran with Plasma Rifle Performance ------------- Evolutions (3) 1500 Regions Visited (10) 2000 Robots Destroyed (50) 250 Value Destroyed (1555) 1555 Prototype IDs (239) 4780 Alien Tech Used (0) 0 Bonus (3695) 3695 TOTAL SCORE: 13780 Bonus ------- Follower Combat Kills 108 Aligned with FarCom 300 Met Data Miner 300 Used Data Conduit 3000 Friendly Fire -13 Cogmind --------- Core Integrity 0/700 Matter 250/300 Energy 18/100 System Corruption 13% Temperature Cool (12) Movement Core (300) Ox5 Location -6/Proximity Caves Parts ------- > --- POWER (1) -------- (None) > --- PROPULSION (4) --- (None) > --- UTILITY (6) ------ Medium Storage Unit Advanced Visual Processing Unit Makeshift ECM Suite > --- WEAPON (2) ------- (None) > --- INVENTORY (10) --- Nuclear Core Improved Deuterium Engine Improved Deuterium Engine Advanced ECM Suite Makeshift Light Armor Plating PSU Rigger Particle Gun Powered Hammer Peak State ------------ > --- POWER ------------ Nuclear Core > --- PROPULSION ------- Aluminum Leg Aluminum Leg VSS Leg Improved Carbon-fiber Leg > --- UTILITY ---------- Improved Cooling System Medium Storage Unit Advanced Visual Processing Unit Transmission Jammer Reaction Control System Improved Medium Armor Plating > --- WEAPON ----------- Precision Assault Rifle Gauss Cannon > --- INVENTORY -------- Improved Deuterium Engine Aerolev Unit Aerolev Unit Gravmag System Gravmag System PSU Rigger Heavy Ion Cannon Gauss Cannon Heavy Missile Launcher Powered Hammer [Rating: 44] Favorites ----------- Power Nuclear Core Engine Ion Engine Power Core Nuclear Core Propulsion Aluminum Leg Leg Aluminum Leg Wheel Armored Wheel Hover Unit Gravmag System Utility Medium Storage Unit Device Transmission Jammer Storage Medium Storage Unit Processor Advanced Visual Processing Unit Protection Reactive Plating Weapon Precision Assault Rifle Energy Cannon Heavy Ion Cannon Ballistic Gun Precision Assault Rifle Ballistic Cannon Gauss Cannon Launcher Heavy Missile Launcher Impact Weapon Powered Hammer Build | -11 -10 -10 -10 -9 -8 -7 -7 -7 -7 -6 ------- Run | Yrd Mat Min Exi Min Mat Fac Low Low Dat Pro Slots Evolved 6 | . . . . . 4 2 . . . . Power . | . . . . . . . . . . . Propulsion 2 | . . . . . 1 1 . . . . Utility 4 | . . . . . 3 1 . . . . Weapon . | . . . . . . . . . . . Parts Attached 48 | 7 2 . . 2 9 18 2 8 . . Power 3 | 1 . . . . 1 . . 1 . . Engine 1 | 1 . . . . . . . . . . Core 2 | . . . . . 1 . . 1 . . Reactor . | . . . . . . . . . . . Propulsion 14 | 2 1 . . 1 2 4 . 4 . . Treads . | . . . . . . . . . . . Leg 8 | 2 1 . . 1 1 3 . . . . Wheel 1 | . . . . . . 1 . . . . Hover 5 | . . . . . 1 . . 4 . . Flight . | . . . . . . . . . . . Utility 20 | 2 1 . . 1 4 10 2 . . . Device 9 | 1 . . . . 1 5 2 . . . Storage 3 | 1 1 . . . . 1 . . . . Processor 2 | . . . . . 1 1 . . . . Hackware . | . . . . . . . . . . . Protection 6 | . . . . 1 2 3 . . . . Artifact . | . . . . . . . . . . . Weapon 11 | 2 . . . . 2 4 . 3 . . Energy Gun . | . . . . . . . . . . . Energy Cannon 1 | . . . . . . . . 1 . . Ballistic Gun 4 | 2 . . . . 1 1 . . . . Ballistic Cannon 4 | . . . . . 1 2 . 1 . . Launcher 1 | . . . . . . . . 1 . . Special Weapon . | . . . . . . . . . . . Impact Weapon 1 | . . . . . . 1 . . . . Slashing Weapon . | . . . . . . . . . . . Piercing Weapon . | . . . . . . . . . . . Special Melee Weapon . | . . . . . . . . . . . Unidentified Prototypes 2 | . . . . . 1 1 . . . . Parts Lost 22 | . . . . . . 3 2 10 4 3 Power 1 | . . . . . . . . . 1 . Propulsion 8 | . . . . . . . . 4 3 1 Utility 8 | . . . . . . 3 2 3 . . Weapon 5 | . . . . . . . . 3 . 2 Highest Loss Streak 10 | . . . . . . 2 2 10 4 7 To Critical Strikes 2 | . . . . . . . . 2 . . Average Backups 9 | 2 7 10 10 9 9 9 10 7 9 9 Power . | . 1 . . . . . 1 2 3 3 Propulsion 3 | 1 2 4 4 4 3 3 4 1 . . Utility 1 | . 1 2 2 2 2 1 1 1 3 3 Weapon 3 | . 2 3 4 3 3 4 4 3 3 3 Tool/Special . | . . . . . . . . . . . Unused Backups 22 | . 2 1 . 4 3 6 . . . 6 Power 3 | . . 1 . . . . . . . 2 Propulsion 3 | . . . . 1 2 . . . . . Utility 5 | . 1 . . . . 1 . . . 3 Weapon 11 | . 1 . . 3 1 5 . . . 1 Tool/Special . | . . . . . . . . . . . Average Slot Usage (%) 93 | . 100 100 100 100 95 96 96 76 62 27 Engine 3 | . 14 14 14 14 3 . . . . . Core 5 | . . . . . 5 7 7 7 7 . Leg 25 | . 28 28 28 28 27 28 30 8 . . Hover 2 | . . . . . . . . 18 30 4 Device 14 | . 14 14 14 2 8 18 19 11 7 7 Storage 8 | . 14 14 14 14 9 7 7 7 7 7 Processor 4 | . . . . . 7 4 7 7 7 7 Protection 8 | . . . . 11 16 12 7 2 . . Ballistic Gun 12 | . 28 28 28 28 14 7 7 2 . . Ballistic Cannon 3 | . . . . . 3 5 6 5 . . Impact Weapon 1 | . . . . . . 1 . 1 1 . Peak Build Rating 44 | 7 8 8 8 9 27 44 44 42 36 15 Average Rating 28 | 5 7 8 8 8 21 38 41 36 31 12 On Entrance 18 | . 7 8 8 8 9 27 44 42 40 15 Avg Prop Armor Cover (%) 12 | . . . . . . 12 . . . . Naked Turns . | . . . . . . . . . . . Heaviest Build 48 | 14 19 19 19 19 40 48 45 46 32 18 Greatest Support 50 | 20 20 20 20 20 30 50 50 50 34 9 Greatest Overweight (x) 5 | . . . . . 1 3 . 2 1 5 Average Overweight (x) . | . . . . . . . . . . 1 Largest Inventory Capacity 10 | 8 10 10 10 10 10 10 10 10 10 10 Average Capacity 9 | 7 9 10 10 10 10 10 10 10 10 10 Most Carried 10 | 4 10 10 10 10 10 10 10 10 10 10 Average Carried 9 | 3 7 10 9 9 9 9 10 7 9 8 Final Capacity 10 | 8 10 10 10 10 10 10 10 10 10 10 Final Carried 10 | 4 10 10 10 10 10 10 10 8 10 8 Class Distribution -------------------- 96% | Mutant 3% | Commander-Mutant Dominant Class ---------------- Mutant | -10/Materials Mutant | -10/Mines Mutant | -10/Exiles Mutant | -9/Mines Mutant | -8/Materials Mutant | -7/Factory Mutant | -7/Lower Caves Mutant | -7/Lower Caves Mutant | -7/Data Miner Mutant | -6/Proximity Caves Resources | -11 -10 -10 -10 -9 -8 -7 -7 -7 -7 -6 ----------- Run | Yrd Mat Min Exi Min Mat Fac Low Low Dat Pro Matter Collected 1729 | 229 91 42 . 32 162 618 187 368 . . Remotely . | . . . . . . . . . . . Salvage Created 2054 | 18 91 . . 92 222 839 165 549 . 78 Parts 101 | 3 11 . . 7 11 34 8 25 . 2 Haulers Intercepted 5 | . . . . . 3 2 . . . . Recyclers Shooed 4 | . . . . . 1 3 . . . . Parts Field Recycled . | . . . . . . . . . . . Retrieved Matter . | . . . . . . . . . . . Parts Self-Destructed 31 | . . . . . . . 8 22 . 1 Prevented . | . . . . . . . . . . . Parts Restored . | . . . . . . . . . . . Kills | -11 -10 -10 -10 -9 -8 -7 -7 -7 -7 -6 ------- Run | Yrd Mat Min Exi Min Mat Fac Low Low Dat Pro Combat Hostiles Destroyed 38 | . 6 . . 2 1 9 3 15 . 2 Melee 1 | . . . . . . 1 . . . . Guns 15 | . 6 . . 2 1 3 1 2 . . Cannons 13 | . . . . . . 5 2 6 . . AOE 9 | . . . . . . . . 7 . 2 Classes Destroyed 13 | 1 1 . . 1 3 3 . 4 . . Worker 1 | . . . . . 1 . . . . . Tunneler 1 | 1 . . . . . . . . . . Hauler 5 | . . . . . 3 2 . . . . Recycler 4 | . . . . . . 4 . . . . Mechanic 1 | . . . . . . . . 1 . . Swarmer 15 | . 6 . . . . . 3 6 . . Grunt 11 | . . . . 2 . 3 . 4 . 2 Brawler 1 | . . . . . . . . 1 . . Duelist 2 | . . . . . . . . 2 . . Sentry 5 | . . . . . 1 3 . 1 . . Hunter 2 | . . . . . . 1 . 1 . . Programmer 2 | . . . . . . 2 . . . . Samaritan 1 | . . . . . . . . 1 . . Best Kill Streak 16 | 1 6 . . 2 1 3 3 16 . 2 Combat Bots Only 15 | . 6 . . 2 1 3 3 15 . 2 Max Kills in Single Turn 4 | 1 1 . . 1 1 1 1 4 . 1 Gunslinging . | . . . . . . . . . . . Exploded 4 | . . . . . . . . 4 . 1 Melee 1 | . . . . . . 1 . . . . Uniques/NPCs Destroyed . | . . . . . . . . . . . Combat | -11 -10 -10 -10 -9 -8 -7 -7 -7 -7 -6 -------- Run | Yrd Mat Min Exi Min Mat Fac Low Low Dat Pro Hostile Shots Fired 306 | . 24 . . 7 . 86 35 110 18 26 Missed 97 | . 8 . . 1 . 34 9 26 9 10 Hits 209 | . 16 . . 6 . 52 26 84 9 16 Melee 2 | . . . . . . . . 2 . . Projectile 207 | . 16 . . 6 . 52 26 82 9 16 Critical Strikes 6 | . . . . . . 2 . 3 . 1 Damage Taken 3851 | . 133 . . 98 . 877 518 1477 431 317 Core 792 | . 42 . . 30 . 85 68 259 171 137 Absorbed by Shields . | . . . . . . . . . . . Redirected to Shielding 1 | . . . . 1 . . . . . . Ignored by Resistances 24 | . . . . . . 24 . . . . Core Remaining (%) 90 | 100 . . . 71 100 . . . . . Volleys Fired 131 | 2 16 . . 3 18 47 13 28 . 4 Largest 2 | 2 2 . . 2 2 2 2 2 . 1 Hottest 105 | 40 40 . . 40 40 68 68 105 . 40 Shots Fired 214 | 4 32 . . 6 36 73 17 42 . 4 Gun 123 | 4 32 . . 6 36 28 4 13 . . Cannon 85 | . . . . . . 45 13 25 . 2 Launcher 6 | . . . . . . . . 4 . 2 Special . | . . . . . . . . . . . Kinetic 206 | 4 32 . . 6 36 73 17 36 . 2 Thermal 2 | . . . . . . . . 2 . . Explosive 6 | . . . . . . . . 4 . 2 Electromagnetic . | . . . . . . . . . . . Robot Hit Streak 14 | 3 7 . . 6 9 9 5 14 . 3 Robot Miss Streak 3 | . 3 . . . 3 2 1 2 . 1 Penetration Max 1 | . . . . . . . . 1 . . Secondary Targets . | . . . . . . . . . . . Shots Hit Robots 137 | 3 18 . . 5 23 44 8 33 . 3 Core Hits 72 | 1 9 . . 4 8 20 4 21 . 5 Critical Kills . | . . . . . . . . . . . Critical Parts Destroyed 1 | . . . . . . . . 1 . . Critical Strikes 8 | . . . . . . 3 1 4 . . Destroy 1 | . . . . . . . . 1 . . Blast 7 | . . . . . . 3 1 3 . . Melee Attacks 21 | . . . . . . 18 2 1 . . Impact 21 | . . . . . . 18 2 1 . . Slashing . | . . . . . . . . . . . Piercing . | . . . . . . . . . . . Sneak Attacks 1 | . . . . . . . . 1 . . Combat Hostiles . | . . . . . . . . . . . Follow-up Attacks . | . . . . . . . . . . . Damage Inflicted 4028 | 34 173 . . 64 274 1092 328 1647 17 399 Guns 1305 | 34 173 . . 64 274 478 73 209 . . Cannons 1110 | . . . . . . 490 91 501 . 28 Explosions 1207 | . . . . . . . . 836 . 371 Melee 389 | . . . . . . 124 164 101 . . Ramming 17 | . . . . . . . . . 17 . Kinetic 2389 | 34 173 . . 64 274 968 164 684 . 28 Thermal 26 | . . . . . . . . 26 . . Explosive 1207 | . . . . . . . . 836 . 371 Electromagnetic . | . . . . . . . . . . . Impact 389 | . . . . . . 124 164 101 . . Slashing . | . . . . . . . . . . . Piercing . | . . . . . . . . . . . Highest Corruption 13 | . . . . . 1 9 13 13 13 13 Average Corruption 10 | . . . . . 1 8 10 13 13 13 Corruption Purged . | . . . . . . . . . . . Corruption Blocked . | . . . . . . . . . . . Effects 78 | . . . . . . 38 14 24 1 1 Message Errors 18 | . . . . . . 10 3 5 . . Matter Fused 17 | . . . . . . 6 4 7 . . Heat Flow Errors 9 | . . . . . . 4 1 4 . . Energy Discharges 9 | . . . . . . 3 4 1 . 1 Parts Rejected 1 | . . . . . . . . 1 . . Parts Fused 1 | . . . . . . 1 . . . . Data Loss (minor) 11 | . . . . . . 6 . 4 1 . Data Loss (major) 3 | . . . . . . 2 . 1 . . Misfires 1 | . . . . . . 1 . . . . Alerts 4 | . . . . . . 2 2 . . . Weapon Failures 4 | . . . . . . 3 . 1 . . Overload Shots . | . . . . . . . . . . . Overflow Damage 215 | . . . . . . 43 59 106 7 . Projectiles 32 | . . . . . . 21 . 11 . . Explosions 1 | . . . . . . . . 1 . . Melee 182 | . . . . . . 22 59 94 7 . Knockbacks 5 | . . . . . . 4 . . . 1 Impact . | . . . . . . . . . . . Kinetic 5 | . . . . . . 4 . . . 1 Secondary . | . . . . . . . . . . . Self-Inflicted Damage 59 | . . . . . . . . 51 8 . Shots 1 | . . . . . . . . 1 . . Rammed 1 | . . . . . . . . . 1 . Targets Rammed 1 | . . . . . . . . . 1 . Kicked . | . . . . . . . . . . . Crushed . | . . . . . . . . . . . Highest Temperature 248 | . . . . 6 8 248 104 156 . 15 Average Temperature 40 | . . . . 6 5 75 54 35 . 9 Received Heat Transfer 636 | . . . . 45 . 186 . 252 . 153 Siege Activations . | . . . . . . . . . . . Martial Activations . | . . . . . . . . . . . Shielding Activations . | . . . . . . . . . . . Robots Disrupted . | . . . . . . . . . . . Combat Hostiles . | . . . . . . . . . . . Robots Corrupted 1 | . . . . . . . . 1 . . Combat Hostiles . | . . . . . . . . . . . Parts Fried 4 | . . . . . . 3 1 . . . Impact Corruptions 8 | . . . . . . 1 1 5 1 . Robots Melted . | . . . . . . . . . . . Combat Hostiles . | . . . . . . . . . . . Parts Melted . | . . . . . . . . . . . Heat Transferred 37 | . . . . . . . . 37 . . Parts Sabotaged . | . . . . . . . . . . . Parts Stolen . | . . . . . . . . . . . Parts Stripped . | . . . . . . . . . . . Power Chain Reactions . | . . . . . . . . . . . Alert | -11 -10 -10 -10 -9 -8 -7 -7 -7 -7 -6 ------- Run | Yrd Mat Min Exi Min Mat Fac Low Low Dat Pro Maximum Alert Level . | . . . . . . . . . . . Low Security (%) 100 | 100 100 100 . 100 100 100 . . . . Level 1 . | . . . . . . . . . . . Level 2 . | . . . . . . . . . . . Level 3 . | . . . . . . . . . . . Level 4 . | . . . . . . . . . . . Level 5 . | . . . . . . . . . . . High Security . | . . . . . . . . . . . Max Security . | . . . . . . . . . . . Peak Influence 146 | 5 120 18 . 50 35 146 . . . . Initial 18 | . . 18 . . . . . . . . Average 24 | 1 72 1 . 8 6 31 . . . . Influence Increases 1251 | 5 149 . . 50 121 402 90 394 . 40 Destroy 0b10 Robot/C 820 | . 120 . . 40 40 180 60 340 . 40 Destroy 0b10 Robot/NC 70 | 5 . . . . 25 30 5 5 . . Destroy Leader 172 | . 20 . . 10 28 74 10 30 . . Allied During Kill 15 | . . . . . 11 . . 4 . . Successful Hack 92 | . 9 . . . 17 66 . . . . Disable Machine 30 | . . . . . . 30 . . . . Destroy Structure 22 | . . . . . . 22 . . . . Lose Combat Pursuer 30 | . . . . . . . 15 15 . . Influence Decreases 1241 | 5 100 49 . 50 121 271 221 302 92 30 Entered New Map 173 | . . 31 . . . . 50 . 92 . Time Decay 903 | 5 100 18 . 50 121 246 151 202 . 10 Lost Part 150 | . . . . . . 10 20 100 . 20 Lost Ally 15 | . . . . . . 15 . . . . Squads Dispatched 9 | . . . . . . 8 . 1 . . Investigation 2 | . . . . . . 2 . . . . Extermination 3 | . . . . . . 3 . . . . Reinforcement 2 | . . . . . . 2 . . . . Assault 1 | . . . . . . . . 1 . . Garrison 1 | . . . . . . 1 . . . . Intercept . | . . . . . . . . . . . Searches Triggered . | . . . . . . . . . . . Construction Impeded . | . . . . . . . . . . . Haulers Reinforced . | . . . . . . . . . . . Active Scanning Responses . | . . . . . . . . . . . Cargo Convoy Interrupts . | . . . . . . . . . . . Stealth | -11 -10 -10 -10 -9 -8 -7 -7 -7 -7 -6 --------- Run | Yrd Mat Min Exi Min Mat Fac Low Low Dat Pro Distress Signals . | . . . . . . . . . . . Communications Jammed . | . . . . . . . . . . . Distress Signals . | . . . . . . . . . . . Times Spotted 59 | . 8 . . 2 5 12 4 20 4 4 Peak Tracking Total 8 | . 7 . . 2 1 3 3 8 4 4 Tactical Retreats 2 | . . . . . . . 1 1 . . Traps | -11 -10 -10 -10 -9 -8 -7 -7 -7 -7 -6 ------- Run | Yrd Mat Min Exi Min Mat Fac Low Low Dat Pro Traps Triggered 3 | . . . . . 1 2 . . . . Indirectly . | . . . . . . . . . . . Trap Hack Attempts . | . . . . . . . . . . . Triggered . | . . . . . . . . . . . Disarmed . | . . . . . . . . . . . Reprogrammed . | . . . . . . . . . . . Reused . | . . . . . . . . . . . Traps Extracted . | . . . . . . . . . . . Installed . | . . . . . . . . . . . Triggered . | . . . . . . . . . . . Machines | -11 -10 -10 -10 -9 -8 -7 -7 -7 -7 -6 ---------- Run | Yrd Mat Min Exi Min Mat Fac Low Low Dat Pro Machines Disabled 2 | . . . . . . 2 . . . . Max in Single Turn 1 | . . . . . . 1 . . . . Garrison Access 1 | . . . . . . 1 . . . . Machines Repaired . | . . . . . . . . . . . Machines Dismantled . | . . . . . . . . . . . Machines Sabotaged . | . . . . . . . . . . . Overloaded Fab Kills . | . . . . . . . . . . . Hacking | -11 -10 -10 -10 -9 -8 -7 -7 -7 -7 -6 --------- Run | Yrd Mat Min Exi Min Mat Fac Low Low Dat Pro Machines Accessed 25 | . 2 . 1 1 3 14 . . 4 . Terminals 10 | . 2 . . . 3 5 . . . . Fabricators 3 | . . . . . . 3 . . . . Repair Stations . | . . . . . . . . . . . Recycling Units 3 | . . . . . . 3 . . . . Scanalyzers 1 | . . . . . . 1 . . . . Garrison Access 2 | . . . . . . 2 . . . . Total Hacks 87 | . 12 . 1 1 12 28 . . 33 . Successful 58 | . 3 . 1 1 9 11 . . 33 . Failed 28 | . 9 . . . 2 17 . . . . Catastrophic 4 | . . . . . . 4 . . . . Database Lockouts 1 | . . . . . 1 . . . . . Manual 23 | . 5 . 1 . 11 6 . . . . Terminals 33 | . 12 . . . 12 9 . . . . Fabricators 4 | . . . . . . 4 . . . . Repair Stations . | . . . . . . . . . . . Recycling Units 5 | . . . . . . 5 . . . . Scanalyzers 4 | . . . . . . 4 . . . . Garrison Access 6 | . . . . . . 6 . . . . Terminal Hacks 43 | . 1 . 1 1 6 1 . . 33 . Record 11 | . . . . . . . . . 11 . Part Schematic 12 | . . . . . . . . . 12 . Robot Schematic 7 | . . . . . . . . . 7 . Prototype ID Bank 5 | . . . . . 2 . . . 3 . Open Door 1 | . . . . 1 . . . . . . Terminal Index 1 | . . . . . 1 . . . . . Scanalyzer Index 1 | . . . . . 1 . . . . . Locate Traps 1 | . . . . . . 1 . . . . Hauler Manifests 1 | . 1 . . . . . . . . . Registered Components 1 | . . . . . 1 . . . . . Zone Layout 1 | . . . . . 1 . . . . . Proto ID Catalog 1 | . . . 1 . . . . . . . Fabricator Hacks 2 | . . . . . . 2 . . . . Network Status 1 | . . . . . . 1 . . . . Build 1 | . . . . . . 1 . . . . Repair Station Hacks . | . . . . . . . . . . . Recycling Unit Hacks 2 | . . . . . . 2 . . . . Retrieve Components 2 | . . . . . . 2 . . . . Scanalyzer 3 | . . . . . . 3 . . . . Retrieve Study 3 | . . . . . . 3 . . . . Garrison Access Hacks 1 | . . . . . . 1 . . . . Seal Access 1 | . . . . . . 1 . . . . Unauthorized Hacks 7 | . 2 . . . 3 2 . . . . Terminals 7 | . 2 . . . 3 2 . . . . Botnet 7 | . 2 . . . 3 2 . . . . Fabricators . | . . . . . . . . . . . Repair Stations . | . . . . . . . . . . . Recycling Units . | . . . . . . . . . . . Scanalyzers . | . . . . . . . . . . . Garrison Access . | . . . . . . . . . . . Data Cores Recovered . | . . . . . . . . . . . Used . | . . . . . . . . . . . Hacking Detections 15 | . 2 . . . 3 10 . . . . Full Trace Events 2 | . . . . . . 2 . . . . Feedback Events . | . . . . . . . . . . . Feedback Blocked . | . . . . . . . . . . . Robot Schematics Acquired 7 | . . . . . . . . . 7 . Robots Built 4 | . . . . . . 4 . . . . Authchips . | . . . . . . . . . . . Time 67 | . . . . . . 67 . . . . Total Robot Build Rating 16 | . . . . . . 16 . . . . Part Schematics Acquired 12 | . . . . . . . . . 12 . Parts Built . | . . . . . . . . . . . Authchips . | . . . . . . . . . . . Time . | . . . . . . . . . . . Total Part Build Rating . | . . . . . . . . . . . Part Studies Acquired 3 | . . . . . . 3 . . . . Parts Repaired . | . . . . . . . . . . . Time . | . . . . . . . . . . . Parts Recycled . | . . . . . . . . . . . Recycled Matter . | . . . . . . . . . . . Retrieved Matter . | . . . . . . . . . . . Retrieved Components 9 | . . . . . . 9 . . . . Parts Scanalyzed . | . . . . . . . . . . . Part Schematics Acquired . | . . . . . . . . . . . Parts Damaged . | . . . . . . . . . . . Bothacking | -11 -10 -10 -10 -9 -8 -7 -7 -7 -7 -6 ------------ Run | Yrd Mat Min Exi Min Mat Fac Low Low Dat Pro Used RIF Installer . | . . . . . . . . . . . Robots Hacked . | . . . . . . . . . . . Non-combat . | . . . . . . . . . . . Combat . | . . . . . . . . . . . Robot Hacks Applied . | . . . . . . . . . . . Relay Couplers Released . | . . . . . . . . . . . Fabnet Peak Effective % . | . . . . . . . . . . . Robots Rewired 2 | . . . . . . . . 2 . . Allies Hacked . | . . . . . . . . . . . Hacks Repelled . | . . . . . . . . . . . Allies | -11 -10 -10 -10 -9 -8 -7 -7 -7 -7 -6 -------- Run | Yrd Mat Min Exi Min Mat Fac Low Low Dat Pro Total Allies 9 | . . . . 3 . 4 . 2 . . Largest Group 5 | . . . . 3 3 5 . 2 2 . Highest-Rated Group 64 | . . . . 40 40 64 . 36 36 . Highest-Rated Ally 20 | . . . . 16 16 16 . 20 20 . Total Orders . | . . . . . . . . . . . Ally Attacks 39 | . . . . . 14 17 . 7 1 . Total Damage 434 | . . . . . 138 173 . 112 11 . Kills 4 | . . . . . 2 . . 2 . . Allies Corrupted . | . . . . . . . . . . . Allies Melted . | . . . . . . . . . . . Intel | -11 -10 -10 -10 -9 -8 -7 -7 -7 -7 -6 ------- Run | Yrd Mat Min Exi Min Mat Fac Low Low Dat Pro Active Infowar (turns) 3866 | 31 220 301 260 46 479 1501 384 579 44 21 Optics 2466 | . . . . . 401 1037 384 579 44 21 Sensors 281 | . . . . . . . 98 183 . . Seismic 858 | 31 220 301 260 46 . . . . . . Jamming 1857 | . . . . . 479 1378 . . . . ECM 470 | . . . . . . . 87 322 44 17 Robot Analysis Total 154 | . . . . . . . . . 154 . Derelict Logs Recovered 5 | . . 1 . 1 . . 1 2 . . Drone Launches . | . . . . . . . . . . . Drone Recoveries . | . . . . . . . . . . . Exploration | -11 -10 -10 -10 -9 -8 -7 -7 -7 -7 -6 ------------- Run | Yrd Mat Min Exi Min Mat Fac Low Low Dat Pro Turns Passed 4417 | 79 220 301 260 285 496 1748 384 579 44 21 Spaces Moved 2777 | 50 136 241 216 216 246 914 283 375 95 5 Core 2 | 1 . . . . . . . . . 1 Treads . | . . . . . . . . . . . Legs 2317 | 49 136 241 216 216 246 821 283 109 . . Wheels 93 | . . . . . . 93 . . . . Hover 365 | . . . . . . . . 266 95 4 Flight . | . . . . . . . . . . . Fastest Speed 43 | 50 120 120 120 120 120 112 112 103 43 120 Average Speed 120 | 118 120 120 120 120 166 125 112 106 45 156 Slowest Speed 300 | 120 120 120 120 120 190 190 112 186 120 300 Overloaded Moves . | . . . . . . . . . . . Propulsion Burnouts . | . . . . . . . . . . . Robots Hopped . | . . . . . . . . . . . Potential Cave-ins 6 | . . . . . . 6 . . . . Cave-ins Triggered 2 | . . . . . . 1 1 . . . Exploration Rate (%) 38 | 5 24 50 41 51 27 29 48 63 82 2 Regions Visited 10 Branch Regions 7 Pre-discovered Areas 28 | . . 2 . . . . 1 . 25 . Known Exits Taken 1 | . . . . 1 . . . . . . Unknown Exits Taken 9 | 1 1 1 1 . 1 1 1 1 1 . Scrap Searched 7 | . . 1 . 2 . . 3 1 . . Spaces Dug 25 | . . . . . . 21 4 . . . Terrain Destroyed 148 | . . . . . . 32 6 72 . 38 Melee 11 | . . . . . . 11 . . . . Projectile 36 | . . . . . . 21 6 8 . 1 AOE 101 | . . . . . . . . 64 . 37 Terrain Rammed . | . . . . . . . . . . . Walls Destroyed . | . . . . . . . . . . . Machines Disabled . | . . . . . . . . . . . Actions | -11 -10 -10 -10 -9 -8 -7 -7 -7 -7 -6 --------- Run | Yrd Mat Min Exi Min Mat Fac Low Low Dat Pro Total 3597 | 63 165 253 217 240 300 1414 328 506 97 14 Wait 452 | . 2 11 . 9 17 376 28 6 . 3 Move 2767 | 49 135 240 215 215 245 913 282 374 94 5 Hop . | . . . . . . . . . . . Pick Up 38 | 5 7 1 1 5 5 10 . 4 . . Fast Attach 14 | 6 . . . . 2 3 2 1 . . Attach 15 | 1 . . . . 2 2 . 8 . 2 Detach 3 | . . . . . . . . 1 2 . Swap 33 | . 2 . . 2 6 19 1 3 . . Drop 32 | . 3 1 1 6 5 16 . . . . Fire 131 | 2 16 . . 3 18 47 13 28 . 4 Melee 21 | . . . . . . 18 2 1 . . Ram 1 | . . . . . . . . . 1 . Kick . | . . . . . . . . . . . Crush . | . . . . . . . . . . . Escape Stasis 10 | . . . . . . 10 . . . . Rewire 80 | . . . . . . . . 80 . . Trap . | . . . . . . . . . . . Miscellaneous . | . . . . . . . . . . . Route ------- -11/Scrapyard -10/Materials -10/Mines -10/Exiles -9/Mines (discovered 2 exits: *Mat x2) -8/Materials -7/Factory -7/Lower Caves -7/Lower Caves -7/Data Miner -6/Proximity Caves History --------- Turn | Location | Event 19 | -11/Scrapyard | Discovered new exit (range 14) 80 | -11/Scrapyard | Entered Materials 229 | -10/Materials | Discovered new exit (range 14) 300 | -10/Materials | Entered Mines 307 | -10/Mines | Received a Rocket Launcher from a helpful Derelict 312 | -10/Mines | Build established: Mutant 401 | -10/Mines | Learned location of Zion (-6) 445 | -10/Mines | Learned location of Storage (-9) 596 | -10/Mines | Deemed a non-threat by the Exiles lab entrance 596 | -10/Mines | Discovered new exit (range 5) 601 | -10/Mines | Entered Exiles 619 | -10/Exiles | Discovered new exit (range 14) 639 | -10/Exiles | Met 8R-AWN 657 | -10/Exiles | Met EX-HEX 690 | -10/Exiles | Met EX-BIN 705 | -10/Exiles | Aligned with FarCom system 706 | -10/Exiles | Given EX-Vault access code 733 | -10/Exiles | Opened EX-Vault 741 | -10/Exiles | Found PSU Rigger 767 | -10/Exiles | Warned to stay clear of 0b10 Research branches 861 | -10/Exiles | Left Exiles lab with PSU Rigger 861 | -10/Exiles | Entered Mines 912 | -9/Mines | Discovered new exit (range 10) 990 | -9/Mines | Identified exit to Materials 990 | -9/Mines | Assisted by bots powering up and referring to "LRC-V3" 1115 | -9/Mines | Met a Derelict who couldn't figure out how to use a Trap Extractor 1146 | -9/Mines | Entered Materials 1146 | -8/Materials | Accompanied by 3 allies 1146 | -8/Materials | Evolved 4 slots: Propulsion x1, Utility x3 1477 | -8/Materials | Central database locked down 1630 | -8/Materials | Discovered new exit (range 3) 1642 | -8/Materials | Entered Factory 1642 | -7/Factory | Accompanied by 1 ally 1642 | -7/Factory | Evolved 2 slots: Propulsion x1, Utility x1 2040 | -7/Factory | Fabricated S-27 Virus? 2248 | -7/Factory | Crushed by falling debris 2261 | -7/Factory | Lost 5 allies 3301 | -7/Factory | Discovered new exit (range 18) 3390 | -7/Factory | Entered Lower Caves 3489 | -7/Lower Caves | Encountered a Warlord checkpoint 3559 | -7/Lower Caves | Spotted B-75 Beast 3599 | -7/Lower Caves | Crushed by falling debris 3599 | -7/Lower Caves | System corruption reached 10% 3715 | -7/Lower Caves | Discovered new exit (range 5) 3774 | -7/Lower Caves | Entered another Lower Caves area 3811 | -7/Lower Caves | Learned Factory trap positions 3856 | -7/Lower Caves | Learned Factory security intel 3889 | -7/Lower Caves | Attracted the attention of an 0b10 outpost 3965 | -7/Lower Caves | Core integrity fell below 50% 3985 | -7/Lower Caves | Destroyed 15 combat bots 3992 | -7/Lower Caves | Lost 10 parts (4n3u3w) 4155 | -7/Lower Caves | Attracted the attention of an 0b10 checkpoint 4196 | -7/Lower Caves | Encountered a Warlord checkpoint 4342 | -7/Lower Caves | Discovered new exit (range 5) 4353 | -7/Lower Caves | Entered Data Miner 4353 | -7/Data Miner | Accompanied by 2 allies 4355 | -7/Data Miner | Discovered new exit (range 6) 4361 | -7/Data Miner | Met Data Miner 4370 | -7/Data Miner | Acquired the access code to Warlord's prototype stash 4370 | -7/Data Miner | Learned location of Section 7 (-3) 4378 | -7/Data Miner | Received God Mode back door access code from Data Miner 4383 | -7/Data Miner | Interfaced with the Data Conduit 4397 | -7/Data Miner | Entered Proximity Caves 4398 | -6/Proximity Caves | Core integrity fell below 20% 4418 | -6/Proximity Caves | Destroyed by G-67 Veteran with Plasma Rifle Last Messages --------------- Downloaded encryption format records. Connection remotely terminated. [Achievement: Unlimited Data] 04385_ Trooper 4a destroyed. 04391_ Neutrino Core destroyed. 04391_ Aerolev Unit destroyed. 04397_ Gravmag System destroyed. LOCATION=UNKNOWN GOAL=ESCAPE 04398_ Critical hit (Burn: +37). 04401_ Gravmag System destroyed. 04403_ G-50 Soldier destroyed. 04405_ Hvy. Missile Launcher destroyed. 04407_ The unstable cave ceiling collapses. 04411_ System corrupted: Energy discharge (-15). 04415_ Hvy. Laser fries itself beyond repair. 04417_ The unstable cave ceiling collapses. 04417_ Slug penetrates G-67 Veteran. 04417_ G-67 Veteran knocked back. 04417_ Gauss Cannon destroyed. Map ----- +----------------------------------------------------+ | ?????????????????????????????????????????????????? | | ?????????????????????????????????????????????????? | | ?????????????????????????????????????????????????? | | ?????????????????????????????????????????????????? | | ?????????????????????????????????????????????????? | | ?????????????????????????????????????????????????? | | ?????????????????????????????????????????????????? | | ?????????????????????????????????????????????????? | | ?????????????????????????????????????????????????? | | ?????????????????????????????????????????????????? | | ?????????????????????#???????????????????????????? | | ?????????????????????# ??????????????????????????? | | ????????????????????## ??????????????????????????? | | ????????????????????# ??????????????????????????? | | ????????????????????# #####?????????????????????? | | ????????????????????? # ######????????????????? | | ?????????????????????# ##???????????????? | | ???????????????# ???## # # #???????????????? | | ???????????????# ### # #???????????????? | | ???????????????# $ % ##???????????????? | | ???????????????????# =% ##???????????????? | | ?????????????????????# ?????????????????? | | ?????????????????????# g ##?????????????????? | | ?????????????????????# g ##??????????????????? | | ?????????????????????#### ;##????????????????????? | | ????????????????????????#@#??????????????????????? | | ????????????????????????# #??????????????????????? | | ????????????????????????# #??????????????????????? | | ???????????????????????? ??????????????????????? | | ????????????????????????###??????????????????????? | | ?????????????????????????????????????????????????? | | ?????????????????????????????????????????????????? | | ?????????????????????????????????????????????????? | | ?????????????????????????????????????????????????? | | ?????????????????????????????????????????????????? | | ?????????????????????????????????????????????????? | | ?????????????????????????????????????????????????? | | ?????????????????????????????????????????????????? | | ?????????????????????????????????????????????????? | | ?????????????????????????????????????????????????? | | ?????????????????????????????????????????????????? | | ?????????????????????????????????????????????????? | | ?????????????????????????????????????????????????? | | ?????????????????????????????????????????????????? | | ?????????????????????????????????????????????????? | | ?????????????????????????????????????????????????? | | ?????????????????????????????????????????????????? | | ?????????????????????????????????????????????????? | | ?????????????????????????????????????????????????? | | ?????????????????????????????????????????????????? | +----------------------------------------------------+ Best States ------------- Heat Dissipation 61 Energy Generation 19 Energy Capacity 315 Matter Stores 300 Matter Capacity 300 Sight Range 20 Robot Scan Range 15 Terrain Scan Density 10 ECM Strength 2 Jamming Range 12 Armor Coverage 375 Resistance: KI 20 Weapon Shielding 33 Evasion (%) 63 Item Schematics ----------------- Combat Drone Bay | -7/Data Miner | Free Lgt. Regenerative Plating | -7/Data Miner | Free Biomechanical Wings | -7/Data Miner | Free Exp. Targeting Computer | -7/Data Miner | Free Imp. Heavy Laser | -7/Data Miner | Free Med. Armored Exoskeleton | -7/Data Miner | Free Wave Gun | -7/Data Miner | Free Adv. Recoil Stabilizer | -7/Data Miner | Free Triangulator | -7/Data Miner | Free Micro-nuke Launcher | -7/Data Miner | Free Adv. Reaction Control System | -7/Data Miner | Free KE Penetrator | -7/Data Miner | Free Robot Schematics ------------------ G-50 Soldier | -7/Data Miner | Free L-41 Fighter | -7/Data Miner | Free I-36 Angel | -7/Data Miner | Free A-15 Conveyor | -7/Data Miner | Free C-35 Carver | -7/Data Miner | Free B-48 Gladiator | -7/Data Miner | Free R-10 Processor | -7/Data Miner | Free Fabricated ------------ S-27 Virus | x4 | -7/Factory | Preloaded Repaired ---------- Nothing Studied --------- Rocket Launcher | -7/Factory | Hacked Nuclear Core | -7/Factory | Hacked Flak Cannon | -7/Factory | Hacked Alien Tech Used ----------------- None Achievements -------------- Unlimited Data Challenges ------------ None Game ------ Seed TechDroneAutominer Manual? 0 Play Time 00:48:06 Cumulative 70.0 hours Start 2026.06.18 @ 16:43:05 End 2026.06.18 @ 22:43:39 Sessions 3 Manual Loads 0 Difficulty Rogue Special Mode None Game No. 77 Rogue 77 Adventurer 0 Explorer 0 Win Type - Total 0 Types 0/0/0/0/0/0/0/0/0/0 Lore% 57 Gallery% 41 Achievement% 32 Wizard Run 0 Options --------- Layout 1 ASCII 0 Keyboard 0 Movement Mouse Keybinds 0 Fullscreen 1 Font 32/SmallcapsGlow Map View 77x35 Zoom Use 0% Tactical HUD 1 Map Filters NONE Filters NONE Steam 1 RUN: 2c7e67f4-8ffb-437a-930a-0b469c3491ff